 Dungeon Crawl Stone Soup version 0.31-a0-626-g8143ab4f1d (webtiles) character file.

Game seed: 1384701888410469455

333 zenocrate the Insei (level 6, -9/26 HPs)
             Began as an Octopode Shapeshifter on Aug 24, 2023.
             Mangled by an iguana (15 damage)
             ... on level 4 of the Dungeon.
             The game lasted 00:04:20 (2437 turns).

zenocrate the Insei (Octopode Shapeshifter)         Turns: 2437, Time: 00:04:21

Health: -9/26      AC:  1    Str: 14    XL:     6   Next: 52%
Magic:  6/6        EV: 14    Int: 10    God:
Gold:   167        SH:  0    Dex: 21    Spells: 5/5 levels left

rFire   . .          .
                       - Unarmed
rCold   . . .        (shield currently unavailable)
rNeg    + . .        (helmet restricted)
rPois   .            (no amulet)
rElec   .            h - +6 ring of dexterity
rCorr   .            m - ring of positive energy
SInv    .            (no ring)
Will    .....        (no ring)
Stlth   +            (no ring)
HPRegen 0.24/turn    (no ring)
MPRegen 0.10/turn    (no ring)
                     (no ring)

%: no passive effects
@: about to teleport, flux-form, glowing
A: glow, contaminating, reduced hp, almost no armour, amphibious, 8 rings,
camouflage 1, gelatinous body 1, (nimble swimmer 1), tentacles
a: Begin Untransformation


You were on level 4 of the Dungeon.
You were something dangerously unstable.
You visited 1 branch of the dungeon, and saw 4 of its levels.
You also visited: Sewer.

You collected 167 gold pieces.

Inventory:

Missiles
 d - 3 poisoned darts (quivered)
 j - 2 boomerangs
Jewellery
 h - a +6 ring of dexterity (left tentacle)
 m - a ring of positive energy (right tentacle)
Talismans
 b - a beast talisman
 c - a flux talisman (active)
Scrolls
 f - a scroll of silence
 k - 4 scrolls of teleportation
 l - a scroll of enchant weapon {unknown}
 o - 2 scrolls of enchant armour {unknown}
 p - a scroll of blinking {unknown}
 r - a scroll of amnesia {unknown}
Potions
 e - 3 potions of haste
 g - a potion of attraction
 i - a potion of cancellation
 n - a potion of curing
 q - a potion of degeneration {unknown}


   Skills:
 + Level 1.0 Fighting
 - Level 3.0 Dodging
 + Level 6.0 Unarmed Combat
 + Level 4.0 Shapeshifting


You had 5 spell levels left.
You didn't know any spells.
Your spell library was empty.

Dungeon Overview and Level Annotations

Branches:
Dungeon (4/15)              Sewer (visited)
 Temple: D:4-7

Altars:

Shops:
D:2 (


Innate Abilities, Weirdness & Mutations

You are something dangerously unstable.
You glow with magical radiation, making you easy to see and hit.
Foes you strike become dangerously contaminated with magical radiation.
Your maximum health is decreased, since you lack skill for your form.
You are incapable of wielding weapons or throwing items.
You cannot wear most types of armour.
You are amphibious.
You can wear up to eight rings at the same time.
Your skin changes colour to match your surroundings (Stealth+).
Your rubbery body absorbs attacks. (AC +1, EV +1)
((You are camouflaged when in or above water. (Stealth+)))
You have tentacles for arms and can constrict up to eight enemies at once.


Message History

The orc is severely wounded.
You constrict the orc. The orc completely misses you.
You tentacle-slap the orc.
You kill the orc!
Key pressed, stopping explore.
No target in view!
Things that are here:
a +2 short sword of venom; an orc corpse No target in view!
An iguana comes into view.
A kobold comes into view. It is wielding a +0 club.
The kobold shouts!
The iguana hisses angrily.
You hear a shout!
An ogre comes into view. It is wielding a +0 giant club.
There are monsters nearby!
The kobold misses you.
There are monsters nearby!
You tentacle-slap the kobold.
The kobold begins to glow.
Your grab misses the kobold.
The kobold is severely wounded.
The kobold closely misses you.
You tentacle-slap the kobold.
You kill the kobold!
The iguana bites you!
Ouch! That really hurt!
You are too injured to fight recklessly!
Unknown command.
The iguana attacks as it pursues you! The iguana misses you.
You tentacle-slap the iguana.
The iguana begins to glow.
You grab the iguana.
The iguana is moderately wounded.
You constrict the iguana. The iguana barely misses you.
Unknown command.
As you read the scroll of teleportation, it crumbles to dust.
You feel strangely unstable.
You constrict the iguana. The iguana bites you!
* * * LOW HITPOINT WARNING * * *
Unknown command.
You release your grip on the iguana.
Unknown command.
The iguana attacks as it pursues you! The iguana bites you!
Ouch! That really hurt!
You die...

......... .#
........## .##
......... ..# .
......$)# ..# ..
#....######.## ...
####......)..#.....
##...............
##.#.Ol...........#
........B..###.....
...##.......##.#.##
#..
#.............#. #.
#................ #
...............##
.................#
................##
...............##
............##


You could see an ogre and an iguana (contam).

Vanquished Creatures
  An orc warrior (D:3)
  Pargi (Sewer)
  An iguana (D:3)
  An orc wizard (D:3)
  An adder (D:3)
  2 worms (D:3)
  A dart slug (D:2)
  2 orcs
  4 ball pythons
  7 bats
  11 endoplasms
  A giant cockroach (D:3)
  11 goblins
  3 hobgoblins
  5 jackals (Sewer)
  3 quokkas
  6 frilled lizards
  5 kobolds
  4 rats
70 creatures vanquished.

Notes
Turn   | Place    | Note
-------+----------+-------------------------------------------
     0 | D:1      | zenocrate the Octopode Shapeshifter began the quest for the
                  | Orb.
     0 | D:1      | Reached XP level 1. HP: 13/13 MP: 1/1
    54 | D:1      | Reached XP level 2. HP: 16/18 MP: 2/2
   494 | D:1      | Reached XP level 3. HP: 23/23 MP: 3/3
   924 | D:2      | Found Podut's Weapon Shop.
  1097 | D:2      | Reached skill level 4 in Unarmed Combat
  1387 | D:3      | Found a glowing drain.
  1391 | Sewer    | Entered a sewer
  1404 | Sewer    | Reached XP level 4. HP: 28/28 MP: 4/4
  1460 | Sewer    | Noticed Pargi
  1472 | Sewer    | Killed Pargi
  1473 | Sewer    | Reached skill level 5 in Unarmed Combat
  1473 | Sewer    | Reached XP level 5. HP: 33/33 MP: 5/5
  1899 | D:3      | Noticed an orc warrior
  1937 | D:3      | Found a faded altar of an unknown god.
  2073 | D:3      | Killed an orc warrior
  2074 | D:3      | Reached XP level 6. HP: 19/38 MP: 6/6
  2324 | D:3      | Reached skill level 6 in Unarmed Combat
  2437 | D:4      | Mangled by an iguana

Illustrated notes

Levels and vault maps discovered:
D:1:      dpeg_arrival_orchard, layout_basic, serial_forest,
          infiniplex_forest_lined_ring, infiniplex_forest_corner_1,
          infiniplex_forest_straight_4, infiniplex_forest_lined_3,
          infiniplex_forest_end_1, infiniplex_forest_end_1, minmay_distorted
D:2:      layout_rooms, serial_shops, shop, serial_bayou_lake_a
D:3:      layout_loops_ring, nicolae_ecumenical_lake_church,
          gup_sewer_entry_bowl, skrybe_limestone_x
D:4:      layout_cave_pools

Skill      XL: |  1  2  3  4  5  6 |
---------------+-------------------+-----
Unarmed Combat | 4 5 6 |  6.0
Dodging        | 3 |  3.0
Shapeshifting  | 4 |  4.0
Fighting       | |  1.0

Action                     |  1- 3 |  4- 6 || total
---------------------------+-------+-------++-------
  Melee: Unarmed           |    85 |    52 ||   137
         Constrict         |    17 |     9 ||    26
         Tentacles         |     9 |     8 ||    17
         Punch             |     3 |     3 ||     6
  Throw: Dart              |       |     3 ||     3
    Use: Scroll            |     6 |     1 ||     7
         Potion            |       |     7 ||     7
   Stab: Sleeping          |    10 |     6 ||    16
 Armour: Skin              |     7 |    11 ||    18
  Dodge: Dodged            |    55 |    35 ||    90
   Form: Flux              |       |     1 ||     1

Table legend: (Time is in decaauts)
 A = Elapsed time spent in this place.
 B = Non-inter-level travel time spent in this place.
 C = Inter-level travel time spent in this place.
 D = Time resting spent in this place.
 E = Time spent auto-exploring this place.
 F = Levels seen in this place.
 G = Mean time per level.
                   A        B        C        D        E       F      G
               +--------+--------+--------+--------+--------+-----+--------+
         Total |   2387 |   2321 |     66 |      2 |   1859 |   5 |  477.4 |
       Dungeon |   2220 |   2154 |     66 |      2 |   1740 |   4 |  555.0 |
         Sewer |    166 |    166 |      0 |      0 |    119 |   1 |  166.0 |
               +--------+--------+--------+--------+--------+-----+--------+

Top non-repeatable levels by time:
     D:1: 918 daAuts
     D:3: 809 daAuts
     D:2: 446 daAuts
   Sewer: 166 daAuts
     D:4: 47 daAuts
